 Dungeon Crawl Stone Soup version 0.28.0-47-ge53b351184 (webtiles) character file.

Game seed: 13670843315031840205

12129 Gabide the Thaumaturge (level 11, -7/87 HPs)
             Began as a Mummy Necromancer on May 6, 2022.
             Was an Initiate of Gozag.
             Shot with a bolt by a tengu warrior (22 damage)
             ... on level 11 of the Dungeon.
             The game lasted 00:41:21 (15486 turns).

Gabide the Thaumaturge (Mummy Necromancer)         Turns: 15486, Time: 00:41:21

Health: -7/87      AC: 11    Str: 17    XL:     11   Next: 58%
Magic:  24/25      EV: 14    Int: 25    God:    Gozag
Gold:   928        SH:  0    Dex: 11    Spells: 20/31 levels left

rFire   . . .      SeeInvis .   C - +8 rapier "Awalemp" {pain, rCorr Str+4 Int+6 Dex-2}
rCold   + . .      Faith    .   (no shield)
rNeg    + + +      Spirit   .   o - +2 robe {Will+}
rPois   ∞          Reflect  .   c - +2 helmet
rElec   .          Harm     .   k - +1 cloak
rCorr   +          Rampage  .   (no gloves)
Will    ++++.                   i - +1 pair of boots
Stlth   ++........              p - amulet of the acrobat
HPRegen 0.24/turn               d - +4 ring of slaying
MPRegen 0.19/turn               x - ring of Egofuidu {*Corrode rF+ rN+ Will++ Str+2}

@: no status effects
A: cold resistance 1, negative energy resistance 3, torment resistance 2, heat
vulnerability 1, no potions
a: Renounce Religion, Potion Petition, Call Merchant, Bribe Branch


You were on level 11 of the Dungeon.
You worshipped Gozag.
Gozag was pleased with you.
You visited 1 branch of the dungeon, and saw 11 of its levels.

You collected 2097 gold pieces.
You spent 571 gold pieces at shops.
You paid 598 gold pieces to Gozag.

Inventory:

Hand Weapons
 C - the +8 rapier "Awalemp" (weapon) {pain, rCorr Str+4 Int+6 Dex-2}
   (You found it on level 8 of the Dungeon)

   In the hands of one skilled in necromantic magic, it inflicts extra damage on
   living creatures.
   Str:       It affects your strength (+4).
   Int:       It affects your intelligence (+6).
   Dex:       It affects your dexterity (-2).
   rCorr:     It protects you from acid and corrosion.
Armour
 c - a +2 helmet (worn)
 i - a +1 pair of boots (worn)
 k - a +1 cloak (worn)
 o - a +2 robe of willpower (worn)
Magical Staves
 u - a staff of death
Jewellery
 d - a +4 ring of slaying (left hand)
 l - a ring of protection from fire
 p - an amulet of the acrobat (around neck)
 w - a +4 ring of evasion
 x - the ring of Egofuidu (right hand) {*Corrode rF+ rN+ Will++ Str+2}
   (You bought it in a shop on level 10 of the Dungeon)

   [ring of positive energy]

   Str:       It affects your strength (+2).
   rF:        It protects you from fire.
   rN:        It protects you from negative energy.
   *Corrode:  It may corrode you when you take damage.
   Will:      It greatly increases your willpower.
Wands
 g - a wand of polymorph (6)
 q - a wand of paralysis (2)
 z - a wand of flame (19)
 A - a wand of digging (6)
 B - a wand of iceblast (8)
Scrolls
 a - a scroll of immolation
 b - 2 scrolls of vulnerability
 e - 2 scrolls of teleportation
 f - 2 scrolls of amnesia
 j - 4 scrolls of noise
 r - a scroll of enchant weapon
 s - a scroll of silence
 t - a scroll of magic mapping


   Skills:
 * Level 8.8 Fighting
 + Level 3.0 Short Blades
 - Level 1.0 Staves
 * Level 7.6 Dodging
 - Level 1.5 Stealth
 - Level 3.5 Unarmed Combat
 * Level 10.8 Spellcasting
 * Level 9.7 Necromancy
 - Level 1.0 Evocations


You had 20 spell levels left.
You knew the following spells:

 Your Spells              Type           Power      Damage    Failure   Level
a - Pain                  Necr           100%       1d9       1%          1
b - Vampiric Draining     Necr           58%        2d10      1%          3
c - Blink                 Tloc           26%        N/A       7%          2
d - Agony                 Necr           58%        N/A       2%          5

Your spell library contained the following spells:

 Spells                   Type           Power      Damage    Failure   Level
 Animate Skeleton         Necr           100%       N/A       1%          1
 Animate Dead             Necr           29%        N/A       1%          4
 Fulminant Prism          Conj/Hex       6%         3d7       41%         4
 Iskenderun's Mystic Bla  Conj/Tloc      13%        2d5       41%         4
 Irradiate                Conj/Tmut      6%         3d15      77%         5
 Lee's Rapid Deconstruct  Erth           6%         3d7*      77%         5
 Manifold Assault         Tloc           13%        N/A       77%         5
 Dispersal                Tloc           6%         N/A       100%        6
 Disjunction              Tloc           6%         N/A       100%        8
 Blade Hands              Tmut           Unusable   N/A       N/A         5
 Dragon Form              Tmut           Unusable   N/A       N/A         7
 Storm Form               Tmut/Air       Unusable   N/A       N/A         7

Dungeon Overview and Level Annotations

Branches:
Dungeon (11/15)            Temple (0/1) D:6             Orc (0/2) D:9
   Lair: D:8-11

Altars:
Ashenzari
Elyvilon
Gozag
Nemelex Xobeh
Okawaru
Qazlal
Sif Muna
Beogh

Shops:
D:1 *   D:7 (   D:8 !*   D:9 !   D:10 [=

Annotations:
D:3 Grinder
D:4 3 runed translucent doors, Peloso's ghost, amateur MiFi


Innate Abilities, Weirdness & Mutations

You are immune to poison.
Your flesh is cold resistant. (rC+)
You are immune to negative energy. (rN+++)
You are immune to unholy pain and torment.
You are vulnerable to heat. (rF-)
You do not drink.


Message History

You kill the gnoll!
The kobold is no longer distracted by gold.
The kobold brigand hits you but does no damage.
The kobold hits you but does no damage.
You hit the kobold.
The kobold writhes in agony.
You kill the kobold!
The kobold brigand hits you but does no damage.
You closely miss the kobold. You punch the kobold.
You kill the kobold!
The kobold brigand completely misses you.
You hit the kobold brigand.
The kobold brigand writhes in agony.
You punch the kobold brigand.
The kobold brigand is severely wounded.
The kobold brigand hits you with a +0 dagger.
You puncture the kobold brigand!
You kill the kobold brigand!
A tengu warrior comes into view.
It is wielding a +1 war axe of freezing.
The tengu warrior struggles to resist.
The tengu warrior unwields a +1 war axe of freezing.
The tengu warrior wields a +0 arbalest.
The tengu warrior shoots a bolt.
The bolt hits you!!
The tengu warrior writhes in agony!
The tengu warrior shoots a bolt.
The bolt hits you!!
Unknown command.
Unknown command.
Unknown command.
Okay, then.
Unknown command.
Press: ? - help, v - describe, . - travel
Here: a tengu warrior, wielding a +0 arbalest, wearing a +0 leather armour and quivering bolts (lightly wounded)
The floor.
Unknown command.
Unknown command.
The tengu warrior shoots a bolt.
The bolt hits you!
* * * LOW HITPOINT WARNING * * *
The tengu warrior shoots a bolt.
The bolt misses you.
There is a stone staircase leading up here.
The tengu warrior shoots a bolt.
The bolt hits you!!
You die...
Your body crumbles into a pile of gold.

## ..# ..
..# . .Q #.
.# #.###$# !
#.$$..####..
$
##$$$.....#
#...$....##
#.#@.....#
#.#......#
#.#......#
#....$...#
#........#
#..#######
###


You could see a tengu warrior.

Vanquished Creatures
  2 two-headed ogres (D:10)
  A death knight (D:9)
  Pikel (D:6)
  An orc knight (D:10)
  A gargoyle (D:10)
  Maggie (D:6)
  2 freezing wraiths (D:9)
  A komodo dragon (D:10)
  A polar bear (shapeshifter) (D:10)
  4 hornets
  A vampire (D:10)
  14 yaks
  2 wraiths (D:9)
  Eustachio (D:6)
  A basilisk (D:10)
  A steam dragon (D:10)
  4 vampire mosquitoes (D:9)
  A warg (D:10)
  A water moccasin (D:6)
  10 orc warriors
  A swamp drake (D:6)
  An ice beast (D:6)
  A sky beast (D:8)
  A necrophage (D:5)
  3 centaurs
  3 phantoms
  3 kobold brigands
  Blork the orc (D:5)
  A bullfrog (D:8)
  2 gnoll sergeants
  6 killer bees (D:8)
  3 wights (D:9)
  A howler monkey (D:9)
  3 centaur zombies
  A hound (D:3)
  A gnoll shaman (D:6)
  5 orc priests
  2 jellies
  A centaur skeleton (D:6)
  3 iguanas (D:4)
  8 orc wizards
  3 howler monkey zombies
  11 gnolls
  A howler monkey skeleton (D:6)
  2 adders
  A shadow imp (D:5)
  A white imp (D:6)
  2 ufetubi
  A dart slug (D:2)
  2 worms (D:3)
  28 orcs
  8 endoplasms
  19 goblins
  5 hobgoblins
  2 jackals (D:5)
  18 kobolds
  3 quokkas
  5 ball pythons
  5 bats
  4 frilled lizards
  5 rats
228 creatures vanquished.

Notes
Turn   | Place    | Note
-------+----------+-------------------------------------------
     0 | D:1      | Gabide the Mummy Necromancer began the quest for the Orb.
     0 | D:1      | Reached XP level 1. HP: 13/13 MP: 4/4
   433 | D:1      | Reached XP level 2. HP: 20/20 MP: 2/5
   468 | D:1      | Found Luockien's Assorted Antiques.
   951 | D:2      | Reached skill level 1 in Fighting
   973 | D:2      | Reached skill level 3 in Spellcasting
  1350 | D:2      | Found a faded altar of an unknown god.
  1356 | D:2      | Reached XP level 3. HP: 26/26 MP: 4/7
  1359 | D:2      | Prayed at the altar of an unknown god.
  1359 | D:2      | Became a worshipper of Gozag Ym Sagoz the Greedy
  1893 | D:3      | Reached XP level 4. HP: 23/32 MP: 1/9
  1897 | D:3      | Learned a level 3 spell: Vampiric Draining
  2723 | D:3      | Reached skill level 1 in Unarmed Combat
  2869 | D:3      | Noticed Grinder
  3662 | D:3      | Paralysed by Grinder for 2 turns
  3900 | D:4      | Reached XP level 5. HP: 38/38 MP: 4/10
  4271 | D:4      | Reached skill level 4 in Spellcasting
  4370 | D:4      | Found a runed translucent gate.
  4370 | D:4      | Found a runed translucent gate.
  4370 | D:4      | Noticed Peloso's ghost (amateur MiFi)
  4371 | D:4      | Found a runed translucent gate.
  4451 | D:4      | Found a sparkling altar of Nemelex Xobeh.
  4778 | D:5      | Entered Level 5 of the Dungeon
  4909 | D:5      | Reached XP level 6. HP: 27/46 MP: 9/12
  5086 | D:5      | Reached skill level 5 in Necromancy
  5309 | D:5      | Found a broken altar of Ashenzari.
  5449 | D:5      | Noticed Blork the orc
  5457 | D:5      | Killed Blork the orc
  5471 | D:5      | Reached XP level 7. HP: 45/52 MP: 3/14
  5558 | D:5      | Learned a level 2 spell: Blink
  5798 | D:6      | Noticed Edmund
  5801 | D:6      | Noticed Edmund
  5801 | D:6      | Edmund changed into Edmund the swamp drake
  5806 | D:6      | Killed Edmund the swamp drake
  5807 | D:6      | Reached skill level 5 in Spellcasting
  5809 | D:6      | Noticed Eustachio
  6019 | D:6      | Found a staircase to the Ecumenical Temple.
  6063 | D:6      | Killed Eustachio
  6372 | D:6      | Reached XP level 8. HP: 56/60 MP: 3/16
  6523 | D:6      | Learned a level 5 spell: Agony
  6793 | D:6      | Noticed Pikel
  6811 | D:6      | Killed Pikel
  6812 | D:6      | Reached skill level 6 in Spellcasting
  6824 | D:6      | Reached skill level 5 in Fighting
  7370 | D:6      | Noticed Maggie
  7386 | D:6      | Killed Maggie
  7387 | D:6      | Reached skill level 7 in Spellcasting
  7387 | D:6      | Reached XP level 9. HP: 68/68 MP: 1/19
  7865 | D:7      | Reached skill level 5 in Dodging
  8197 | D:7      | Found a shimmering blue altar of Sif Muna.
  8353 | D:7      | Found Duedoad's Weapon Shop.
  9048 | D:8      | Reached skill level 8 in Spellcasting
  9452 | D:8      | Found Poptaedi's General Store.
  9897 | D:8      | Found Qegydeg's Distillery.
  9940 | D:8      | Reached XP level 10. HP: 71/77 MP: 22/22
  9950 | D:8      | Reached skill level 1 in Staves
 10087 | D:8      | Identified the +8 rapier "Awalemp" {pain, rCorr Str+4 Int+6
                  | Dex-2}
 10155 | D:8      | Reached skill level 1 in Evocations
 10837 | D:9      | Found Buyrim's Distillery.
 11064 | D:9      | Found a staircase to the Orcish Mines.
 11478 | D:9      | Reached skill level 9 in Spellcasting
 11551 | D:9      | Noticed a death knight
 11853 | D:9      | Reached skill level 1 in Short Blades
 12049 | D:9      | Killed a death knight
 12587 | D:10     | Entered Level 10 of the Dungeon
 12633 | D:10     | Found an iron altar of Okawaru.
 12872 | D:10     | Found Besoceuz's Armour Boutique.
 12925 | D:10     | Bought a +1 pair of boots for 161 gold pieces
 12982 | D:10     | Reached XP level 11. HP: 48/86 MP: 24/24
 12986 | D:10     | Reached skill level 10 in Spellcasting
 13265 | D:10     | Found a stormy altar of Qazlal.
 13518 | D:10     | Noticed a two-headed ogre
 13733 | D:10     | Noticed an orc knight
 14060 | D:10     | Killed an orc knight
 14067 | D:9      | HP: 2/86 [orc warrior/+0 war axe[an orc knight] (27)]
 14542 | D:10     | Noticed a two-headed ogre
 14558 | D:10     | Killed a two-headed ogre
 14992 | D:10     | Bought the ring of Egofuidu {*Corrode rF+ rN+ Will++ Str+2}
                  | for 410 gold pieces
 14999 | D:11     | Noticed a two-headed ogre
 15338 | D:10     | Killed a two-headed ogre
 15481 | D:11     | Noticed a tengu warrior
 15486 | D:11     | Shot with a bolt by a tengu warrior

Illustrated notes

Levels and vault maps discovered:
D:1:      dpeg_arrival_houses_and_road, layout_basic, serial_shops,
          nicolae_shop_overgrown_old_shop
D:2:      kennysheep_the_goblin_king, layout_basic,
          ebering_ecumenical_altar_rust, basic_altar,
          hangedman_abyss_or_decor_lesser_grid
D:3:      layout_loops_corners, minmay_misc_feat_tiny, uniq_grinder
D:4:      layout_cave_pools, nemelex_xobeh_ov_fountains_minmay,
          gammafunk_ghost_nasty_kobolds
D:5:      layout_rooms, lemuel_tele_altar, cheibrodos_ashenzari_chains,
          kennysheep_doodads, uniq_blork_the_orc
D:6:      layout_layer_cave, temple_pool_b, uniq_edmund, uniq_maggie,
          uniq_pikel, uniq_eustachio
D:7:      layout_rooms, mainiacjoe_overflow_six_doors_small, enter_bailey_3,
          serial_shops, shop, nicolae_benzene_ring
D:8:      layout_layer_cave, serial_shops, nicolae_shop_waterfront,
          nicolae_stop_n_shop_1
D:9:      layout_stronghold, minmay_orc_entry_temple_small, serial_shops,
          nicolae_shop_hallway_plus, hangedman_abyss_or_decor_stabs
D:10:     layout_roguey, mainiacjoe_overflow_alcove_2, amcnicky_altar_gilded,
          serial_shops, shop, grunt_potential
D:11:     layout_rooms, lair_entry_dummy, chequers_serial_rivers_small_b,
          uniq_josephine

Skill      XL: |  1  2  3  4  5  6  7  8  9 10 11 |
---------------+----------------------------------+-----
Fighting       | 1 2 3 4 5 6 7 8 |  8.8
Spellcasting   | 3 4 5 7 8 9 10 | 10.8
Dodging        | 2 3 4 5 6 7 |  7.6
Unarmed Combat | 1 2 3 |  3.5
Necromancy     | 5 6 7 9 |  9.7
Staves         | 1 |  1.0
Evocations     | 1 |  1.0
Short Blades   | 2 3 |  3.0
Stealth        | |  1.5

Action                   |  1- 3 |  4- 6 |  7- 9 | 10-12 || total
-------------------------+-------+-------+-------+-------++-------
Melee: Unarmed           |    25 |    97 |   110 |       ||   232
       Punch             |       |     2 |     6 |    15 ||    23
       Staff             |       |       |    47 |    16 ||    63
       Rapier            |       |       |       |   249 ||   249
Throw: Throwing net      |       |       |       |     2 ||     2
 Cast: Pain              |    58 |    89 |    54 |    34 ||   235
       Vampiric Draining |       |     7 |    68 |    26 ||   101
       Agony             |       |       |       |     3 ||     3
       Blink             |       |       |       |     1 ||     1
Invok: Potion Petition   |       |       |     1 |       ||     1
       Call Merchant     |       |       |       |     1 ||     1
Evoke: Wand              |       |       |     7 |    13 ||    20
  Use: Scroll            |     1 |     7 |     5 |     8 ||    21
 Stab: Distracted        |       |       |     1 |       ||     1
       Paralysed         |       |       |       |     3 ||     3
Armor: Robe              |     7 |    21 |    84 |   105 ||   217
Dodge: Dodged            |    10 |    71 |   196 |   242 ||   519
